 Dungeon Crawl Stone Soup version 0.12.2-14-g7c90c79 (webtiles) character file.

292 MarVin the Cudgeler (level 5, -2/42 HPs)
             Began as a Demonspawn Fighter on Aug 5, 2013.
             Killed from afar by an orc wizard (12 damage)
             ... with a puff of flame
             ... on Level 4 of the Dungeon.
             The game lasted 00:11:23 (2608 turns).

MarVin the Cudgeler (Demonspawn Fighter)            Turns: 2608, Time: 00:11:23

HP  -2/42        AC 20     Str 17      XL: 5   Next: 38%
MP   4/4         EV  2     Int 11      God:
Gold 106         SH 18     Dex 13      Spells:  0 memorised,  4 levels left

Res.Fire  : . . .   See Invis. : .   l - +1,+0 mace (protect)
Res.Cold  : . . .   Warding    : .   n - +2 plate armour
Life Prot.: . . .   Conserve   : .   c - +0 shield
Res.Poison: .       Res.Corr.  : .   (no helmet)
Res.Elec. : .       Clarity    : .   r - +0 dwarf cloak
Sust.Abil.: . .     Spirit.Shd : .   (no gloves)
Res.Mut.  : .       Stasis     : .   u - +0 pair of orc boots
Res.Rott. : .       Ctrl.Telep.: .   (no amulet)
Saprovore : . . .   Flight     : .   s - +2 ring of intelligence
                                     f - ring of protection from magic {unknown}

@: slowed, very slow, somewhat resistant to hostile enchantments, extremely
unstealthy
A: no striking features
a: no special abilities


You were on level 4 of the Dungeon.
You were not hungry.

You visited 1 branch of the dungeon, and saw 4 of its levels.

You collected 86 gold pieces.

Inventory:

Hand weapons
 a - a +0,+0 mace
 l - a +1,+0 mace of protection (weapon)
Armour
 b - a +0 scale mail
 c - a +0 shield (worn)
 e - a +0 chain mail
 i - a +1 orcish chain mail
 n - a +2 plate armour (worn)
 r - a +0 dwarven cloak (worn)
 u - a +0 pair of orcish boots (worn)
 A - a +0 cloak
Magical devices
 B - a wand of lightning (8) {unknown}
Comestibles
 d - 3 bread rations
 g - 2 meat rations
 h - a choko
 z - an apple
 D - a chunk of adder flesh
 E - a chunk of ball python flesh
Scrolls
 j - 2 scrolls of identify {unknown}
 k - a scroll of fog {unknown}
 m - a scroll of enchant weapon I {unknown}
 p - a scroll of fear {unknown}
 q - a scroll of curse weapon {unknown}
 t - a scroll of amnesia {unknown}
 v - 2 scrolls of remove curse {unknown}
 y - a scroll of enchant armour {unknown}
Jewellery
 f - a ring of protection from magic (left hand) {unknown}
 s - a +2 ring of intelligence (right hand)
 x - a +1 ring of dexterity {unknown}
Potions
 o - a potion of degeneration {unknown}
 w - 2 potions of slowing {unknown}
 C - a potion of might {unknown}


   Skills:
 - Level 3.3 Fighting
 + Level 4.1 Maces & Flails
 - Level 3.1 Armour
 - Level 0.6 Dodging
 - Level 3.2 Shields


You had 4 spell levels left.
You didn't know any spells.

Dungeon Overview and Level Annotations

Branches:
Dungeon (4/27)
 Temple: D:4-7

Altars:


Message History

The orc wizard blinks!
The orc wizard gestures at you while chanting.
The puff of flame hits you!
* * * LOW HITPOINT WARNING * * *
The orc wizard casts a spell at you. The magic dart hits you!
* * * LOW HITPOINT WARNING * * *
The orc wizard gestures at you while chanting.
The magic dart hits you!
* * * LOW HITPOINT WARNING * * *
You hit the orc wizard.
The orc wizard is severely wounded.
The orc wizard gestures at you while chanting.
You feel yourself slow down.
The orc wizard mumbles some strange words.
The orc wizard blinks!
The orc wizard is no longer moving slowly.
The orc wizard points at you and mumbles some strange words.
The puff of flame hits you!
You die...

#.# #.# #.# #.#
#.# #.# #.# #.#
#.# #.# #.# #.#
#.# #.. #.# ###
#.#
#.############.#
#....o@..ooo:..#
#############..#


You could see 2 orc wizards and 2 orcs.

Vanquished Creatures
  2 worker ants (D:4)
  6 adders
  A giant gecko (D:1)
  An ooze (D:3)
  2 orcs
  4 ball pythons
  17 bats
  A giant cockroach (D:4)
  9 hobgoblins
  7 kobolds
  3 quokkas
  7 goblins
  9 jackals
  7 rats
  A rat skeleton (D:4)
77 creatures vanquished.

Vanquished Creatures (others)
  A rat (D:3)
1 creature vanquished.

Grand Total: 78 creatures vanquished

Notes
Turn   | Place    | Note
--------------------------------------------------------------
     0 | D:1      | MarVin, the Demonspawn Fighter, began the quest for the Orb.
     0 | D:1      | Reached XP level 1. HP: 18/18 MP: 0/0
   222 | D:1      | Reached XP level 2. HP: 17/24 MP: 1/1
  1045 | D:2      | Reached XP level 3. HP: 25/30 MP: 2/2
  1850 | D:3      | Reached XP level 4. HP: 36/36 MP: 3/3
  2484 | D:4      | Reached XP level 5. HP: 26/42 MP: 4/4
  2549 | D:4      | Reached skill level 4 in Maces & Flails
  2608 | D:4      | Killed from afar by an orc wizard

Action                   |  1- 3 |  4- 6 || total
-------------------------+-------+-------++-------
Melee: Mace              |   184 |   177 ||   361
